Map: [ESL] Data-C

Players

Ryung

  • Race: Terran Terran
  • Spawn Location: 9:00

Solar - Winner!

  • Race: Zerg Zerg
  • Spawn Location: 3:00

Event: DreamHack SC2 Masters 2022 Atlanta (Offline)

VOD

Have the link to the VOD?

Description

Time

  • Played on: Nov. 18, 2022, 2:50 p.m.
  • Length: 7:38

All games in this series

Show
View Real Time Build Order
Export as new Build Order

Ryung Terran 

Build Orders: Reaper Expand, Hellion Banshee 

Get SALT Encoding   

  12  0:00  SCV  
  13  0:12  SCV  
  14  0:17  Supply Depot  
  14  0:24  SCV  
  15  0:39  SCV  
  15  0:40  Barracks  
  16  0:43  Refinery  
  16  0:51  SCV  
  17  1:03  SCV  
  18  1:15  SCV  
  19  1:27  Reaper, Orbital Command  
  20  1:39  Command Center  
  20  1:47  Supply Depot  
  20  1:53  SCV  
  21  1:58  Marine  
  22  2:05  SCV  
  23  2:11  Factory  
  23  2:17  SCV  
  23  2:21  Barracks Reactor  
  24  2:29  SCV  
  25  2:41  SCV  
  25  2:42  Command Center  
  26  2:52  Orbital Command  
  26  2:54  SCV  
  27  3:01  Starport  
  27  3:06  SCV  
  27  3:10  Refinery  
  28  3:16  Hellion  
  28  3:18  SCV  
  28  3:19  SCV  
  32  3:22  Hellion  
  34  3:27  Refinery  
  34  3:28  Barracks Tech Lab  
  34  3:30  SCV  
  34  3:32  SCV  
  36  3:39  Viking  
  38  3:42  SCV  
  38  3:44  SCV  
  40  3:56  Starport  
  40  3:57  SCV x2  
  40  3:58  Orbital Command  
  40  4:02  Hellion  
  44  4:05  Hellion  
  46  4:10  SCV x2  
  46  4:15  Banshee  
  51  4:19  Refinery  
  51  4:23  Hyperflight Rotors  
  51  4:28  Supply Depot, SCV  
  51  4:29  SCV  
  53  4:31  SCV  
  53  4:34  Starport Tech Lab  
  54  4:41  Hellion x2  
  54  4:42  SCV x2, Orbital Command  
  60  4:52  Supply Depot  
  60  4:54  SCV x2, Banshee  
  60  4:55  Cloaking Field  
  60  4:59  Banshee  
  68  5:06  Supply Depot  
  68  5:10  SCV  
  68  5:13  SCV x2  
  68  5:14  Hellion x2  
  75  5:19  Supply Depot  
  75  5:22  SCV  
  75  5:24  Supply Depot  
  75  5:25  SCV  
  75  5:28  SCV  
  78  5:35  Hellion x2  
  82  5:37  Banshee  
  82  5:40  SCV x3  
  82  5:41  Banshee  
  91  5:49  Factory  
  91  5:51  Factory  
  91  5:52  SCV  
  92  5:57  SCV  
  92  5:58  SCV  
  92  6:00  Armory  
  92  6:03  Armory  
  92  6:04  Hellion, SCV  
  96  6:06  Hellion  
  96  6:09  Refinery x2  
  96  6:10  SCV  
  100  6:11  SCV  
  101  6:19  Supply Depot  
  101  6:20  Supply Depot  
  101  6:34  Factory Tech Lab  
  101  6:36  SCV, Banshee x2  
  106  6:44  Factory Tech Lab  
  106  6:45  SCV x2  
  106  6:46  Hellion x2  
  108  6:48  SCV  
  109  6:55  Hellion  
  109  7:00  SCV x3  
  108  7:07  Hellion x2  
  97  7:12  SCV x2  
  89  7:19  SCV  
  89  7:20  Command Center  
  86  7:24  SCV x2  
Show
View Real Time Build Order
Export as new Build Order

Solar Zerg - Winner!

Build Orders: Hatch First 

Get SALT Encoding   

  12  0:00  Drone  
  13  0:12  Overlord  
  13  0:17  Drone  
  14  0:31  Drone x2  
  16  0:49  Hatchery  
  15  0:52  Drone  
  15  0:56  Drone  
  17  0:59  Drone  
  18  1:10  Extractor  
  17  1:14  Spawning Pool  
  17  1:17  Drone  
  17  1:20  Drone  
  18  1:28  Drone  
  19  1:39  Drone  
  20  1:50  Drone  
  21  2:01  Queen x2  
  21  2:03  Zergling x4  
  27  2:12  Overlord  
  27  2:14  Drone  
  28  2:27  Hatchery  
  28  2:28  Drone  
  28  2:31  Drone  
  29  2:38  Spore Crawler  
  29  2:39  Queen  
  31  2:45  Metabolic Boost  
  31  2:47  Drone  
  32  2:54  Overlord  
  32  2:56  Drone x2  
  34  2:58  Drone  
  34  3:00  Drone  
  36  3:13  Drone x2  
  36  3:15  Drone x2  
  36  3:16  Drone x2  
  42  3:20  Queen  
  42  3:27  Overlord  
  44  3:29  Overlord  
  44  3:38  Queen  
  44  3:40  Queen  
  48  3:41  Drone  
  48  3:46  Drone  
  48  3:47  Drone x3  
  53  3:50  Drone  
  53  3:51  Drone  
  53  3:55  Overlord  
  55  3:59  Drone x3  
  55  4:00  Drone  
  55  4:01  Drone  
  60  4:06  Drone  
  60  4:07  Drone  
  62  4:14  Zergling x6, Queen  
  62  4:16  Overlord  
  67  4:22  Overlord  
  67  4:28  Overlord  
  67  4:29  Spore Crawler  
  67  4:31  Lair  
  66  4:33  Queen  
  66  4:34  Overlord  
  66  4:35  Drone x2  
  66  4:38  Zergling x4  
  72  4:41  Drone x2  
  72  4:42  Extractor x2  
  72  4:43  Drone  
  72  4:46  Drone  
  72  4:47  Drone  
  72  4:48  Drone  
  72  4:52  Drone, Roach Warren  
  75  4:55  Queen  
  75  4:56  Drone  
  75  4:59  Drone x2  
  81  5:00  Drone  
  81  5:03  Spore Crawler, Drone  
  81  5:05  Drone  
  81  5:06  Drone, Extractor  
  81  5:07  Drone  
  83  5:08  Drone  
  83  5:11  Drone  
  83  5:13  Drone x3  
  88  5:16  Overlord  
  88  5:19  Spore Crawler  
  88  5:20  Extractor x2  
  85  5:22  Drone x3  
  88  5:34  Roach x5  
  98  5:40  Drone  
  98  5:41  Spire, Overlord  
  98  5:43  Roach  
  98  5:46  Overseer  
  98  5:47  Drone x2  
  98  5:48  Overlord  
  102  5:50  Drone  
  102  5:51  Zergling x4  
  102  5:52  Drone  
  102  5:54  Overlord  
  105  6:00  Drone  
  105  6:03  Glial Reconstitution  
  106  6:05  Drone  
  106  6:06  Overlord  
  106  6:07  Hatchery  
  106  6:12  Drone  
  106  6:13  Drone  
  106  6:18  Evolution Chamber  
  107  6:19  Evolution Chamber  
  107  6:20  Overlord  
  107  6:21  Overlord  
  107  6:24  Roach x4  
  114  6:27  Overlord  
  114  6:29  Overlord  
  114  6:33  Overlord  
  114  6:34  Overlord  
  114  6:37  Overlord  
  114  6:43  Drone x2  
  114  6:47  Overseer  
  114  6:53  Mutalisk  
  114  6:54  Mutalisk x6  
  106  6:56  Mutalisk  
  106  7:01  Mutalisk  
  122  7:07  Mutalisk  
  124  7:12  Drone x7  
  124  7:13  Drone  
  128  7:20  Drone  
  128  7:21  Drone  
  128  7:24  Spore Crawler  
  128  7:26  Drone x2  
  126  7:34  Extractor  
  130  7:37  Extractor  
Tags
 
Add a new tag
Caveats
  • Supply blocks, unpowered buildings, or Contaminate may cause inaccurate times.
  • Supply counts are checked every 10 seconds.